 Dungeon Crawl Stone Soup version 0.29.0-4-gdea44cf6ec (webtiles) character file.

Game seed: 15646211957040402359

698 qw the Chopper (level 7, -16/40 HPs)
             Began as a Tengu Warper on Aug 28, 2022.
             Was a Follower of Okawaru.
             Engulfed by a cloud of flame (23 damage)
             ... on level 5 of the Dungeon.
             The game lasted 00:00:34 (5009 turns).

qw the Chopper (Tengu Warper)                       Turns: 5009, Time: 00:00:35

Health: -16/40     AC:  9    Str: 13    XL:     7   Next: 65%
Magic:  11/11      EV: 10    Int: 13    God:    Okawaru [*.....]
Gold:   308        SH: 12    Dex: 20    Spells: 10/10 levels left

rFire   . . .      SeeInvis .   Y - +4 hand axe
rCold   . . .      Faith    .   e - +2 kite shield
rNeg    . . .      Spirit   .   q - +0 chain mail
rPois   +          Reflect  .   (helmet restricted)
rElec   .          Harm     .   a - +0 cloak
rCorr   .          Rampage  .   (no gloves)
Will    .....                   (boots unavailable)
Stlth   ..........              (no amulet)
HPRegen 0.13/turn               g - +6 ring of dexterity
MPRegen 0.12/turn               m - +4 ring of evasion

@: brilliant, flying quickly and evasively, quick
A: beak, talons 3, nimble flight, poison resistance
a: Renounce Religion, Heroism


You were on level 5 of the Dungeon.
You worshipped Okawaru.
Okawaru was aware of your devotion.
You visited 2 branches of the dungeon, and saw 6 of its levels.

You collected 308 gold pieces.


Innate Abilities, Weirdness & Mutations

You have a beak for a mouth.
You have claws for feet.
Your magical nature lets you fly swiftly and evasively.
Your system is resistant to poisons. (rPois)


   Skills:
 - Level 2.0 Fighting
 + Level 6.8 Axes
 - Level 1.0 Throwing
 - Level 2.0 Armour
 - Level 2.1 Dodging
 - Level 4.0 Shields
 - Level 2.0 Spellcasting
 - Level 2.4 Translocations
 + Level 2.5 Invocations


You had 10 spell levels left.
You didn't know any spells.
Your spell library contained the following spells:

 Spells                   Type           Power      Damage    Failure   Level
 Blink                    Tloc           22%        N/A       100%        2
 Gell's Gravitas          Tloc           11%        N/A       100%        3
 Lesser Beckoning         Tloc           11%        N/A       100%        3
 Teleport Other           Tloc           11%        N/A       100%        3
 Manifold Assault         Tloc           11%        N/A       100%        5

Inventory:

Hand Weapons
 c - a +1 hand axe of flaming
 Y - a +4 hand axe (weapon)
Armour
 a - a +0 cloak (worn)
 e - a +2 kite shield (worn)
 q - a +0 chain mail (worn)
Jewellery
 g - a +6 ring of dexterity (left hand)
 m - a +4 ring of evasion (right hand)
Scrolls
 b - 3 scrolls of identify
Potions
 f - a potion of mutation
 h - 3 potions of might
 l - 3 potions of curing

Dungeon Overview and Level Annotations

Branches:
Dungeon (5/15)             Temple (1/1) D:4

Altars:
Ashenzari
Cheibriados
Elyvilon
Fedhas
Gozag
Hepliaklqana
Kikubaaqudgha
Okawaru
Qazlal
Ru
Sif Muna
Trog
Uskayaw
Wu Jian
Xom
Zin
The Shining One

Shops:
D:1 *


Message History

There is a stone staircase leading down here.
You see here an adder corpse.
You see here a staff of earth.
You see here a staff of earth.
There is a stone staircase leading down here.
You see here an adder corpse.
There is an escape hatch in the ceiling here.
b - 3 scrolls of identify (gained 1)
You see here a +0 dagger.
Things that are here:
a +0 club; a +0 dagger; a +0 mace
Items here: )) [[.
You see here a +0 falchion.
Found a leather armour.
Enter note:
Enter note:
Enter note:
h - 3 potions of might (gained 1) You're in a travel-excluded area, stopping explore.
You're in a travel-excluded area, stopping explore.
5004 ||| READING scroll labelled EWKYEPRUSHOF.
The air fills with toxic fumes!
As you read the scroll labelled EWKYEPRUSHOF, it crumbles to dust.
It was a scroll of poison.
You're in a travel-excluded area, stopping explore.
5005 ||| DRINKING 2 brown potions.
It was a potion of brilliance.
You feel clever all of a sudden.
You're in a travel-excluded area, stopping explore.
5006 ||| DROPPING potion of brilliance.
You drop a potion of brilliance.
You're in a travel-excluded area, stopping explore.
You're in a travel-excluded area, stopping explore.
5007 ||| Stepping randomly (stuck).
Really fly into that cloud of flame?
You are engulfed in blazing flames.
You're standing in a cloud of flame!
You are engulfed in blazing flames.
You're standing in a cloud of flame!
You are engulfed in blazing flames.
Ouch! That really hurt!
You die...

#....###.##.##.##.## #######.#
#....###..<....#...###.......#
.........##.####.......#######
.#..##.#.##.####...##..#
.#.....#.##..¤¤...###..#
>......<.....#0#### #.##
.#.......###.#¤¤## #..#
.........# ###¤!¤# ##.#
.........# #¤¤@# #.#
##.....### #0¤¤# #.# ........#
#0¤0# #.#
.....##.######¤¤¤#####.#
.....##...¤¤¤¤¤¤¤¤.¤...#
.....###..¤¤¤¤¤¤¤¤.¤¤..#
.....# ##.¤¤0¤¤¤¤¤¤00.##
.....# #####...###### ######
¤¤ #


There were no monsters in sight!

Vanquished Creatures
  A black bear (D:5)
  A centaur (D:5)
  An ice beast (D:5)
  A phantom (D:4)
  2 hounds (D:5)
  An orc priest (D:5)
  2 jellies
  An orc wizard (D:4)
  4 adders
  4 gnolls (D:5)
  4 worms
  A dart slug (D:1)
  16 orcs
  6 ball pythons
  5 bats
  7 endoplasms
  11 goblins
  7 hobgoblins
  3 jackals
  16 kobolds
  3 quokkas
  2 frilled lizards (D:3)
  7 rats
106 creatures vanquished.

Vanquished Creatures (others)
  3 toadstools (D:2)
3 creatures vanquished.

Grand Total: 109 creatures vanquished

Notes
Turn   | Place    | Note
-------+----------+-------------------------------------------
     0 | D:1      | qw the Tengu Warper began the quest for the Orb.
     0 | D:1      | Reached XP level 1. HP: 12/12 MP: 4/4
     0 | D:1      | 0 ||| qw: Version: 0.1-a-89-g26bdef1
     0 | D:1      | 0 ||| qw: Game counter: 1829
     0 | D:1      | 0 ||| qw: Always use a shield: true
     0 | D:1      | 0 ||| qw: God list: Okawaru
     0 | D:1      | 0 ||| qw: Allow faded altars: false
     0 | D:1      | 0 ||| qw: Do Orc after D:15 true
     0 | D:1      | 0 ||| qw: Do second Lair branch before Depths: true
     0 | D:1      | 0 ||| qw: Lair rune preference: random
     0 | D:1      | 0 ||| qw: Plans: Normal
     0 | D:1      | 0 ||| PLANNING D:1-11
   101 | D:1      | 101 ||| Stepping ~*~*~tactically~*~*~ (hiding).
   203 | D:1      | 203 ||| Stepping ~*~*~tactically~*~*~ (hiding).
   312 | D:1      | Found Deraut's General Store.
   320 | D:1      | 320 ||| SHOPLISTING +0 scale mail (56 gold, have 2).
   451 | D:1      | 451 ||| SWAPPING to +4 hand axe.
   454 | D:1      | Reached XP level 2. HP: 17/17 MP: 6/6
   454 | D:1      | 454 ||| DROPPING +0 hand axe.
   697 | D:1      | Reached skill level 3 in Axes
   823 | D:1      | 823 ||| Stepping ~*~*~tactically~*~*~ (stealth).
   892 | D:1      | 892 ||| UPGRADING to +0 cloak.
   897 | D:1      | 897 ||| UPGRADING to +0 scale mail.
   907 | D:1      | 907 ||| DROPPING +0 leather armour.
   908 | D:1      | 908 ||| READING scroll labelled DEOROE VESO.
   909 | D:1      | 909 ||| DRINKING 2 fuming sapphire potions.
   910 | D:1      | 910 ||| DROPPING scroll of blinking.
   911 | D:1      | 911 ||| DROPPING potion of degeneration.
   928 | D:2      | Found a stormy altar of Qazlal.
   962 | D:2      | 962 ||| Stepping ~*~*~tactically~*~*~ (stealth).
  1031 | D:2      | Found a faded altar of an unknown god.
  1307 | D:2      | 1307 ||| DROPPING +0 club.
  1361 | D:2      | 1361 ||| UPGRADING to +6 ring of dexterity.
  1362 | D:2      | 1362 ||| READING scroll labelled RYRARO AVOM.
  1363 | D:2      | 1363 ||| Stepping randomly (stuck).
  1497 | D:2      | 1497 ||| FLEEEEING.
  1498 | D:2      | 1498 ||| FLEEEEING.
  1499 | D:2      | 1499 ||| FLEEEEING.
  1500 | D:2      | 1500 ||| FLEEEEING.
  1501 | D:2      | 1501 ||| FLEEEEING.
  1502 | D:2      | 1502 ||| FLEEEEING.
  1503 | D:2      | 1503 ||| FLEEEEING.
  1504 | D:2      | 1504 ||| FLEEEEING.
  1505 | D:2      | 1505 ||| FLEEEEING.
  1506 | D:2      | 1506 ||| FLEEEEING.
  1507 | D:2      | 1507 ||| FLEEEEING.
  1525 | D:2      | Reached XP level 3. HP: 18/21 MP: 7/7
  1929 | D:2      | 1929 ||| UPGRADING to +2 kite shield.
  1934 | D:2      | 1934 ||| READING scroll labelled IFYNLE QUCIU.
  1935 | D:2      | 1935 ||| READING scroll labelled WYSOLL HE DAUR.
  2035 | D:3      | Reached skill level 1 in Shields
  2044 | D:3      | 2044 ||| DROPPING +0 whip.
  2124 | D:3      | 2124 ||| Stepping ~*~*~tactically~*~*~ (stealth).
  2130 | D:3      | Reached XP level 4. HP: 26/26 MP: 8/8
  2133 | D:3      | 2133 ||| Stepping ~*~*~tactically~*~*~ (stealth).
  2135 | D:3      | 2135 ||| Stepping ~*~*~tactically~*~*~ (stealth).
  2139 | D:3      | 2139 ||| Stepping ~*~*~tactically~*~*~ (stealth).
  2258 | D:3      | 2258 ||| Stepping ~*~*~tactically~*~*~ (stealth).
  2261 | D:3      | 2261 ||| Stepping ~*~*~tactically~*~*~ (stealth).
  2266 | D:3      | Reached skill level 4 in Axes
  2270 | D:3      | 2270 ||| Stepping ~*~*~tactically~*~*~ (stealth).
  2316 | D:3      | Found a shimmering altar of Xom.
  2395 | D:3      | 2395 ||| Stepping ~*~*~tactically~*~*~ (stealth).
  2396 | D:3      | 2396 ||| Stepping ~*~*~tactically~*~*~ (stealth).
  2415 | D:3      | Found a hazy altar of Hepliaklqana.
  2415 | D:3      | Found a hide-covered altar of Uskayaw.
  2734 | D:3      | 2734 ||| UPGRADING to +0 chain mail.
  2744 | D:3      | 2744 ||| DROPPING +0 scale mail.
  2745 | D:3      | 2745 ||| UPGRADING to amulet of guardian spirit.
  2750 | D:3      | 2750 ||| UPGRADING to +4 ring of evasion.
  2751 | D:3      | 2751 ||| UPGRADING to ring of poison resistance.
  2753 | D:3      | 2753 ||| READING 5 scrolls labelled CUTOACUCHA.
  2754 | D:3      | 2754 ||| DRINKING 2 glowing silvery potions.
  2754 | D:3      | Gained mutation: Your system is resistant to poisons.
                  | (rPois) [potion of mutation]
  2755 | D:3      | 2755 ||| REMOVING ring of poison resistance.
  2756 | D:3      | 2756 ||| UPGRADING to +6 ring of dexterity.
  2757 | D:3      | 2757 ||| DROPPING ring of poison resistance.
  2758 | D:3      | 2758 ||| READING 4 scrolls of identify.
  2758 | D:3      | 2758 ||| IDENTIFYING coppery potion
  2759 | D:3      | 2759 ||| READING 3 scrolls of identify.
  2759 | D:3      | 2759 ||| IDENTIFYING metallic silvery potion
  2760 | D:3      | 2760 ||| READING 2 scrolls of identify.
  2760 | D:3      | 2760 ||| IDENTIFYING sapphire potion
  2761 | D:3      | 2761 ||| DROPPING potion of attraction.
  2762 | D:3      | 2762 ||| DROPPING potion of ambrosia.
  2924 | D:4      | 2924 ||| Stepping ~*~*~tactically~*~*~ (stealth).
  2932 | D:4      | Reached skill level 3 in Shields
  2955 | D:4      | Gained mutation: Your magical nature lets you fly swiftly
                  | and evasively. [Tengu growth]
  2955 | D:4      | Reached XP level 5. HP: 25/30 MP: 7/9
  3047 | D:4      | Found a snail-covered altar of Cheibriados.
  3048 | D:4      | 3048 ||| DRINKING 2 golden potions.
  3091 | D:4      | 3091 ||| DRINKING 2 clear potions.
  3092 | D:4      | 3092 ||| DROPPING potion of berserk rage.
  3093 | D:4      | 3093 ||| READING scroll of teleportation.
  3299 | D:4      | Found a stormy altar of Qazlal.
  3375 | D:4      | Identified the +8 short sword of Moral Flaws {drain, rPois
                  | Str+2 Int+3 SInv}
  3530 | D:4      | Found a staircase to the Ecumenical Temple.
  3531 | D:4      | 3531 ||| PLANNING TEMPLE
  3531 | D:4      | 3531 ||| READING 2 scrolls of identify.
  3531 | D:4      | 3531 ||| IDENTIFYING green potion
  3532 | D:4      | 3532 ||| DROPPING potion of flight.
  3541 | Temple   | Entered the Ecumenical Temple
  3594 | Temple   | Became a worshipper of Warmaster Okawaru
  3595 | Temple   | 3595 ||| REMOVING amulet of guardian spirit.
  3730 | Temple   | 3730 ||| PLANNING D:1-11
  3730 | Temple   | 3730 ||| DROPPING amulet of guardian spirit.
  3792 | D:4      | Noticed a phantom
  3801 | D:4      | Killed a phantom
  3802 | D:4      | Reached skill level 5 in Axes
  3942 | D:4      | Reached XP level 6. HP: 29/35 MP: 10/10
  4170 | D:5      | Entered Level 5 of the Dungeon
  4190 | D:5      | 4190 ||| Stepping ~*~*~tactically~*~*~ (hiding).
  4192 | D:5      | 4192 ||| Stepping ~*~*~tactically~*~*~ (hiding).
  4202 | D:5      | 4202 ||| Stepping ~*~*~tactically~*~*~ (stealth).
  4239 | D:5      | Reached skill level 6 in Axes
  4239 | D:5      | 4239 ||| FLEEEEING.
  4240 | D:5      | 4240 ||| FLEEEEING.
  4241 | D:5      | 4241 ||| FLEEEEING.
  4243 | D:5      | 4243 ||| FLEEEEING.
  4244 | D:5      | 4244 ||| FLEEEEING.
  4279 | D:5      | 4279 ||| Stepping ~*~*~tactically~*~*~ (stealth).
  4280 | D:5      | 4280 ||| Stepping ~*~*~tactically~*~*~ (stealth).
  4297 | D:5      | Found a white marble altar of Elyvilon.
  4320 | D:5      | 4320 ||| Stepping ~*~*~tactically~*~*~ (hiding).
  4327 | D:5      | Reached * piety under Okawaru
  4465 | D:5      | Reached XP level 7. HP: 39/40 MP: 11/11
  4566 | D:5      | 4566 ||| INVOKING Heroism.
  4574 | D:5      | Reached skill level 1 in Invocations
  4603 | D:5      | 4603 ||| Stepping ~*~*~tactically~*~*~ (hiding).
  4612 | D:5      | 4612 ||| INVOKING Heroism.
  5004 | D:5      | 5004 ||| READING scroll labelled EWKYEPRUSHOF.
  5005 | D:5      | 5005 ||| DRINKING 2 brown potions.
  5006 | D:5      | 5006 ||| DROPPING potion of brilliance.
  5007 | D:5      | 5007 ||| Stepping randomly (stuck).
  5008 | D:5      | HP: 7/40 [something (19)]
  5009 | D:5      | Engulfed by a cloud of flame

Levels and vault maps discovered:
D:1:      dpeg_arrival_ratfight, layout_basic, serial_shops, shop
D:2:      layout_basic, basic_altar, hellmonk_ecumenical_altar_leap_of_faith,
          minmay_gold_behind_fungi, kennysheep_cross_bottleneck
D:3:      minmay_chambers_of_threes, layout_rooms, xom_confusion_cloud,
          chequers_temple_overflow_statue_of_worship, serial_curves,
          eino_curves_02, eino_curves_03, eino_curves_03
D:4:      layout_loops_ring, cheibrodos_worm_habitat,
          nicolae_qazlal_eye_of_the_storm, lemuel_temple_firewalk_b,
          amcnicky_mini_corridor_feature, minmay_quantized
D:5:      layout_loops_cross, elyvilon_altar_3, lemuel_flame_loot_1
Temple:   minmay_temple_curvy_loop

Skill      XL: |  1  2  3  4  5  6  7 |
---------------+----------------------+-----
Axes           | 3 4 5 6 |  6.8
Shields        | 1 3 4 |  4.0
Armour         | 2 |  2.0
Invocations    | 2 |  2.5
Fighting       | |  2.0
Throwing       | |  1.0
Dodging        | |  2.1
Spellcasting   | |  2.0
Translocations | |  2.4

Action                   |  1- 3 |  4- 6 |  7- 9 || total
-------------------------+-------+-------+-------++-------
Melee: Hand axe          |    61 |   121 |    39 ||   221
       Peck              |    10 |    18 |    10 ||    38
       Kick              |     9 |    33 |    17 ||    59
Throw: Boomerang         |     7 |       |       ||     7
Invok: Heroism           |       |       |     2 ||     2
  Use: Scroll            |     4 |     6 |     1 ||    11
       Potion            |     1 |     3 |     1 ||     5
Armor: Leather armour    |     1 |       |       ||     1
       Scale mail        |    10 |    14 |       ||    24
       Chain mail        |       |    33 |    17 ||    50
Dodge: Dodged            |    16 |    32 |    15 ||    63
Block: Kite shield       |    12 |    54 |    25 ||    91

Table legend:
 A = Non-vault XP
 B = Vault XP
 C = Vault XP percentage of total XP
 D = Non-vault monster count
 E = Vault monster count
 F = Vault count percentage of total count
                 A         B        C        D         E       F
            +---------+---------+-------+---------+---------+-------
      Total |     938 |      60 |   6.0 |      76 |      30 |  28.3
            +---------+---------+-------+---------+---------+-------
        D:1 |      11 |       5 |  31.2 |       5 |       5 |  50.0
        D:2 |      22 |       0 |   0.0 |      13 |       0 |   0.0
        D:3 |      42 |      43 |  50.6 |      16 |      20 |  55.6
        D:4 |     229 |      12 |   5.0 |      23 |       5 |  17.9
        D:5 |     634 |       0 |   0.0 |      19 |       0 |   0.0
            +---------+---------+-------+---------+---------+-------
